 Dungeon Crawl Stone Soup version 0.30-a0-996-ga6910c8ee8 (webtiles) character file.

Game seed: 11253017033468492928

699 ytrimaz the Cleaver (level 7, -2/47 (52) HPs)
             Began as a Formicid Fighter on Apr 5, 2023.
             Was an Initiate of Okawaru.
             Slain by a wight
             ... wielding a +3 great sword of freezing
              (4 damage)
             ... on level 5 of the Dungeon.
             The game lasted 00:04:01 (4233 turns).

ytrimaz the Cleaver (Formicid Fighter)              Turns: 4233, Time: 00:04:01

HP:   -2/47 (52)    AC: 12    Str: 22    XL:     7   Next: 97%
MP:   2/2           EV:  9    Int:  8    God:    Okawaru [......]
Gold: 174           SH:  5    Dex: 13    Spells: 6/6 levels left

rFire   . . .      SeeInvis +    u - +2 hand axe (antimagic)
rCold   . . .      Faith    .    c - +0 buckler
rNeg    . . .      Spirit   .    b - +0 scale mail
rPois   .          Reflect  .    (helmet unavailable)
rElec   .          Rampage  .    (no cloak)
rCorr   .                        p - +1 pair of gloves
Will    .....                    f - +2 pair of boots Stlth
                                 (no amulet)
HPRegen 0.27/turn                (no ring)
MPRegen 0.08/turn                (no ring)

@: mighty, drained
A: permanent stasis, dig shafts and tunnels, antennae 3, four strong arms
a: Dig, Shaft Self, Renounce Religion


You were on level 5 of the Dungeon.
You worshipped Okawaru.
Okawaru was noncommittal.
You visited 2 branches of the dungeon, and saw 7 of its levels.

You collected 174 gold pieces.


Innate Abilities, Weirdness & Mutations

You cannot be hasted, slowed, berserked, paralysed or teleported.
You can dig through walls and to a lower floor.
You have a pair of large antennae on your head. (SInv)
Your four strong arms can wield two-handed weapons with a shield.


   Skills:
 - Level 3.2 Fighting
 + Level 8.4 Axes
 - Level 3.2 Armour
 - Level 4.0 Shields


You had 6 spell levels left.
You didn't know any spells.
Your spell library contained the following spells:

 Spells                   Type           Power      Damage    Failure   Level
 Apportation              Tloc           0%         N/A       80%         1
 Necrotise                Necr           0%         1d4       80%         1
 Sting                    Tmut/Pois      0%         1d3       80%         1
 Poisonous Vapours        Pois/Air       0%         N/A       91%         2
 Ignite Poison            Fire/Tmut/Pois 0%         N/A       99%         3
 Kindle Blastsparks       Fire/Tloc/Air  0%         2d10      99%         3
 Olgreb's Toxic Radiance  Pois           0%         N/A       100%        4
 Freezing Cloud           Conj/Ice/Air   0%         6-21      100%        5
 Summon Small Mammal      Summ           Unusable   N/A       N/A         1

Inventory:

Hand Weapons
 a - a +0 war axe
 u - a +2 antimagic hand axe (weapon)
   (You took it off an orc on level 5 of the Dungeon)
Armour
 b - a +0 scale mail (worn)
 c - a +0 buckler (worn)
 f - a +2 pair of boots (worn)
   (You found it on level 1 of the Dungeon)
 p - a +1 pair of gloves (worn)
   (You found it on level 3 of the Dungeon)
Jewellery
 r - an amulet of faith
   (You found it on level 3 of the Dungeon)
 s - a ring of wizardry
   (You found it on level 3 of the Dungeon)
Wands
 m - a wand of polymorph (6)
   (You found it on level 2 of the Dungeon)
 n - a wand of flame (18)
   (You found it on level 2 of the Dungeon)
Scrolls
 i - a scroll of blinking
 j - a scroll of immolation
 k - a scroll of amnesia {unknown}
 o - a scroll of fog
 t - 2 scrolls of magic mapping
 v - a scroll of torment {unknown}
Potions
 d - 3 potions of might
 e - 2 potions of invisibility
 g - 2 potions of mutation
 h - a potion of attraction
 l - a potion of curing
 q - a potion of brilliance

Dungeon Overview and Level Annotations

Branches:
Dungeon (6/15) Zot: 26987  Temple (1/1) D:5 Zot: 5902

Altars:
Ashenzari
Cheibriados
Elyvilon
Fedhas
Gozag
Hepliaklqana
Kikubaaqudgha
Makhleb
Nemelex Xobeh
Okawaru
Qazlal
Sif Muna
Trog
Uskayaw
Vehumet
Wu Jian
Xom
Yredelemnul
Zin
The Shining One

Shops:
D:1

( #.................
#####.################
#..........# #........
#..........# #........
#..?.......# #........
#..........# #.[......
#..........# #........
#..........###........
###...)@z...............
#.....().?...######.###.
#............# #.###.
#............######...._
#...#####........######.
#...# ########........
############ #########
#.....######
#.....##...####


You could see a wight.


Message History

Unknown command.
Press < or > to pray at altars.
There is a glowing silver altar of Zin here.
There is a staircase back to the Dungeon here.
You climb upwards.
Welcome back to the Dungeon!
There is a staircase to the Ecumenical Temple here.
You sense a monster nearby.
Key pressed, stopping explore.
Found a stone staircase leading up.
Key pressed, stopping explore.
Key pressed, stopping explore.
Key pressed, stopping explore.
You sense a monster nearby.
An orc comes into view. It is wielding a +0 club.
The orc shouts!
The orc hits you but does no damage.
You hit the orc.
The orc hits you with a +0 club. 😕 HP[-2]
You take 2 damage, and now have 50/52 hp.
You hit the orc.
The orc hits you but does no damage. 😕 HP[+1]
You slash the orc!
You kill the orc!
Okawaru accepts your kill.
Unknown command.
You see here a +0 club.
No target in view!
You now have 174 gold pieces (gained 9).
Key pressed, stopping explore.
Key pressed, stopping explore.
Key pressed, stopping explore.
You see here a +0 pair of gloves.
Key pressed, stopping explore.
There is a stone staircase leading down here.
Done exploring. 😎 HP[+1]
Your hp is fully restored (52).
There is a stone staircase leading down here.
You climb downwards.
There is a stone staircase leading up here.
There are monsters nearby!
There is a stone staircase leading up here.
The wight hits you with a +3 great sword of freezing.
You feel drained. The wight freezes you. The wight hits you but does no damage.
The wight closely misses you.
You climb upwards.
There is a stone staircase leading down here. 😕 HP[-9]
You now have 51 max hp (-1).
You take 9 damage, and now have 43/51 hp.
You hit the wight but do no damage. You barely miss the wight.
You closely miss the wight. 😕 HP[+1]
You hit the wight. You closely miss the wight. You hit the wight.
The wight hits you but does no damage. The wight closely misses you.
You block the wight's attack.
You barely miss the wight. You hit the wight. You closely miss the wight.
The wight closely misses you. The wight barely misses you.
The wight hits you with a +3 scimitar of freezing!
You feel drained. The wight freezes you. 😮 HP[-13]
You now have 49 max hp (-2).
You take 13 damage, and now have 31/49 hp.
MASSIVE DAMAGE!! (PAUSE) Unknown command.
Okay, then.
You feel very mighty all of a sudden. You block the wight's attack.
The wight barely misses you. x2 😮 HP[+1] Unknown command.
You hit the wight but do no damage. You barely miss the wight.
You hit the wight. The wight hits you but does no damage.
The wight closely misses you.
The wight hits you with a +3 scimitar of freezing.
The wight freezes you.
* * * LOW HITPOINT WARNING * * *
😨 HP[-8]
You take 8 damage, and now have 24/49 hp.
Unknown command.
You hit the wight. x3; The wight barely misses you.
The wight hits you with a +4 hand axe.
* * * LOW HITPOINT WARNING * * *
You block the wight's attack. 😨 HP[-4]
You take 4 damage, and now have 20/49 hp.
Unknown command.
You slice the wight!!
You destroy the wight!
Okawaru accepts your kill.
You hit the wight. You slash the wight!
You destroy the wight!
Okawaru accepts your kill.
The wight hits you with a +3 great sword of freezing!
* * * LOW HITPOINT WARNING * * *
You feel drained.
* * * LOW HITPOINT WARNING * * *
The wight freezes you.
You die...

Skill      XL: |  1  2  3  4  5  6  7 |
---------------+----------------------+-----
Axes           | 3 4 5 7 8 |  8.4
Fighting       | |  3.2
Armour         | |  3.2
Shields        | |  4.0

Action                     |  1- 3 |  4- 6 |  7- 9 || total
---------------------------+-------+-------+-------++-------
  Melee: War axe           |    71 |   159 |    51 ||   281
         Hand axe          |       |       |    34 ||    34
    Use: Scroll            |     2 |     9 |       ||    11
         Potion            |       |     4 |     1 ||     5
   Stab: Invisible         |       |     2 |       ||     2
 Armour: Scale mail        |    48 |    83 |    38 ||   169
  Dodge: Dodged            |    24 |    75 |    27 ||   126
  Block: Buckler           |    20 |    47 |    21 ||    88

Levels and vault maps discovered:
D:1:      dpeg_arrival_renting, layout_rooms, serial_shops, nicolae_shop_trees
D:2:      layout_loops_ring, chequers_ecumenical_altar_simple_redux
D:3:      layout_loops_corners
D:4:      layout_loops_corners, cheibrodos_worm_habitat, nicolae_hexahallways
D:5:      layout_basic, lemuel_crystal_altar, minmay_temple_entry_butterflies
D:6:      layout_cave_pools, nicolae_dithmenos_the_darkroom,
          minmay_strange_pillars
Temple:   compressed_dpeg_circular_temple

Notes
Turn   | Place    | Note
-------+----------+-------------------------------------------
     0 | D:1      | ytrimaz the Formicid Fighter began the quest for the Orb.
     0 | D:1      | Reached XP level 1. HP: 18/18 MP: 1/1
     0 | D:1      | magus.rc [v1.9.6]
   101 | D:1      | Reached XP level 2. HP: 24/24 MP: 2/2
   171 | D:1      | Reached skill level 3 in Axes
   179 | D:1      | Reached XP level 3. HP: 26/29 MP: 3/3
   204 | D:1      | You add the spells Sting, Poisonous Vapours and Olgreb's
                  | Toxic Radiance to your library.
   296 | D:1      | Found Tappunt's Weapon Emporium.
   565 | D:2      | You add the spells Kindle Blastsparks, Ignite Poison and
                  | Freezing Cloud to your library.
   585 | D:2      | Found a faded altar of an unknown god.
   600 | D:2      | Reached skill level 4 in Axes
   600 | D:2      | Reached XP level 4. HP: 22/35 MP: 4/4
  1163 | D:2      | Reached XP level 5. HP: 41/41 MP: 5/5
  1221 | D:2      | You pick up a book of Cantrips and begin reading...
  1221 | D:2      | You add the spells Necrotise, Summon Small Mammal and
                  | Apportation to your library.
  1710 | D:3      | Reached skill level 5 in Axes
  1974 | D:3      | HP: 3/41 [orc priest/divine providence (10)]
  2172 | D:4      | Reached XP level 6. HP: 43/47 MP: 6/6
  2213 | D:4      | Reached skill level 6 in Axes
  2560 | D:4      | Reached skill level 7 in Axes
  2560 | D:4      | Reached XP level 7. HP: 52/52 MP: 7/7
  3151 | D:4      | Found a snail-covered altar of Cheibriados.
  3185 | D:5      | Entered Level 5 of the Dungeon
  3342 | D:5      | Reached skill level 8 in Axes
  3509 | D:5      | Found a radiant altar of Vehumet.
  3774 | D:5      | Found a staircase to the Ecumenical Temple.
  3781 | Temple   | Entered the Ecumenical Temple
  3866 | Temple   | Became a worshipper of Warmaster Okawaru
  4233 | D:5      | HP: 7/49 [wight/+3 great sword of freezing (13)]
  4233 | D:5      | HP: 2/47 [wight/+3 great sword of freezing (5)]
  4233 | D:5      | Slain by a wight

Vanquished Creatures
  A phantom (D:5)
  4 scorpions (D:4)
  2 wights (D:5)
  A hound (D:5)
  2 orc priests (D:3)
  2 iguanas (D:5)
  A sleepcap (D:4)
  2 orc wizards
  4 adders (D:2)
  2 white imps (D:5)
  A worm (D:2)
  4 dart slugs
  16 orcs
  8 ball pythons
  13 endoplasms
  4 giant cockroaches (D:1)
  6 goblins
  9 hobgoblins
  3 jackals (D:2)
  A quokka (D:3)
  7 bats
  6 frilled lizards
  7 kobolds
  4 rats
110 creatures vanquished.

Table legend:
 A = Non-vault XP
 B = Vault XP
 C = Vault XP percentage of total XP
 D = Non-vault monster count
 E = Vault monster count
 F = Vault count percentage of total count
                 A         B        C        D         E       F
            +---------+---------+-------+---------+---------+-------
      Total |    1155 |       0 |   0.0 |     110 |       0 |   0.0
            +---------+---------+-------+---------+---------+-------
        D:1 |      41 |       0 |   0.0 |      23 |       0 |   0.0
        D:2 |     105 |       0 |   0.0 |      32 |       0 |   0.0
        D:3 |     111 |       0 |   0.0 |      17 |       0 |   0.0
        D:4 |     449 |       0 |   0.0 |      23 |       0 |   0.0
        D:5 |     449 |       0 |   0.0 |      15 |       0 |   0.0
            +---------+---------+-------+---------+---------+-------

Illustrated notes

Table legend:
 A = Kills in this place as a percentage of kills in the entire game.
 B = Kills by you in this place as a percentage of kills by you in the entire game.
 C = Kills by friends in this place as a percentage of kills by friends in the entire game.
 D = Other kills in this place as a percentage of other kills in the entire game.
 E = Experience gained in this place as a percentage of experience gained in the entire game.
 F = Experience gained in this place divided by the number of levels of this place that you have seen.
                   A       B       C       D       E      F
               +-------+-------+-------+-------+-------+----------------------
         Total | 100.0 | 100.0 |   N/A |   N/A | 100.0 | 165.0
       Dungeon | 100.0 | 100.0 |   N/A |   N/A | 100.0 | 192.5
               +-------+-------+-------+-------+-------+----------------------

Table legend: (Time is in decaauts)
 A = Elapsed time spent in this place.
 B = Non-inter-level travel time spent in this place.
 C = Inter-level travel time spent in this place.
 D = Time resting spent in this place.
 E = Time spent auto-exploring this place.
 F = Levels seen in this place.
 G = Mean time per level.
                   A        B        C        D        E       F      G
               +--------+--------+--------+--------+--------+-----+--------+
         Total |   4309 |   4232 |     77 |     75 |   3332 |   7 |  615.6 |
       Dungeon |   4211 |   4145 |     66 |     75 |   3268 |   6 |  701.8 |
        Temple |     97 |     86 |     11 |      0 |     64 |   1 |   97.0 |
               +--------+--------+--------+--------+--------+-----+--------+

Top non-repeatable levels by time:
     D:4: 1049 daAuts
     D:5: 945 daAuts
     D:3: 853 daAuts
     D:2: 840 daAuts
     D:1: 518 daAuts
  Temple: 97 daAuts
     D:6: 4 daAuts
